 Dungeon Crawl Stone Soup version 0.19-b1-3-g7dea586 (webtiles) character file.

406 RudyRod the Sneak (level 6, -2/57 HPs)
             Began as a Naga Fighter on Oct 29, 2016.
             Was an Initiate of the Shining One.
             Slain by a gnoll
             ... wielding a +1 flail of draining
              (3 damage)
             ... on level 2 of the Dungeon.
             The game lasted 00:10:21 (3499 turns).

RudyRod the Sneak (Naga Fighter)                    Turns: 3499, Time: 00:10:21

Health: -2/57      AC:  5    Str: 20    XL:     6   Next: 87%
Magic:  6/6        EV:  4    Int:  8    God:    the Shining One [......]
Gold:   33         SH:  7    Dex: 11    Spells: 0 memorised, 5 levels left

rFire  + . .     SeeInvis +     r - -1 whip (curse)
rCold  . . .     Gourm    .     b - +0 scale mail
rNeg   . . .     Faith    .     c - +0 shield
rPois  +         Spirit   .     (no helmet)
rElec  .         Reflect  .     (no cloak)
rCorr  .         Harm     .     (no gloves)
MR     .....                    (no barding)
Stlth  ..........               (no amulet)
                                h - ring of flight
                                f - ring of protection from fire

@: glowing, heavily drained, very slow
A: see invisible, deformed body, poison resistance, slowness 2, slow metabolism
1, spit poison 1, AC +2
a: Spit Poison, Renounce Religion, Evoke Flight


You were on level 2 of the Dungeon.
You worshipped the Shining One.
The Shining One was noncommittal.
You were hungry.

You visited 1 branch of the dungeon, and saw 2 of its levels.

You collected 33 gold pieces.

Inventory:

Hand Weapons
 a - a +0 trident
 k - a +4 flail of protection
 p - a +1 war axe of freezing
 r - a cursed -1 whip (weapon)
Missiles
 g - 57 stones (quivered)
Armour
 b - a +0 scale mail (worn)
 c - a +0 shield (worn)
Jewellery
 f - a ring of protection from fire (left hand)
 h - a ring of flight (right hand)
Scrolls
 e - 7 scrolls of identify
 i - a scroll of remove curse {unknown}
Potions
 d - a potion of resistance {unknown}
 j - 2 potions of curing {unknown}
 q - 2 potions of experience {unknown}
Comestibles
 l - 2 bread rations
 n - a meat ration


   Skills:
 + Level 3.8(1.0) Fighting
 + Level 1.0(0.0) Axes
 + Level 0.6(0.0) Maces & Flails
 + Level 2.8(0.2) Polearms
 + Level 3.5(0.8) Armour
 * Level 1.9(0.0) Dodging
 * Level 3.8(1.1) Stealth
 + Level 3.4(0.7) Shields


You had 5 spell levels left.
You didn't know any spells.

Dungeon Overview and Level Annotations

Branches:
Dungeon (2/15)

Altars:
Elyvilon
Zin
The Shining One


Innate Abilities, Weirdness & Mutations

You cannot wear boots.
Your serpentine skin is tough. (AC +2)
You have supernaturally acute eyesight. (SInv)
Armour fits poorly on your strangely shaped body.
Your system is resistant to poisons. (rPois)
You cover ground very slowly.
You have a slow metabolism.
You can spit poison.


Message History

The gnoll hits you with a flail of draining!
You feel drained.
You hit the gnoll.
The gnoll is severely wounded.
The gnoll completely misses you.
You barely miss the gnoll.
The gnoll is severely wounded.
The gnoll hits you with a flail of draining!
* * * LOW HITPOINT WARNING * * *
You feel drained.
* * * LOW HITPOINT WARNING * * *
You closely miss the gnoll.
The gnoll is severely wounded.
The gnoll barely misses you.
You hit the gnoll but do no damage.
The gnoll is severely wounded.
The gnoll hits you with a flail of draining.
* * * LOW HITPOINT WARNING * * *
You feel drained.
You die...

.......#......##.###.##..#.#..#..
...#####.##.#### #..#..#.#..#..
....####.##.# ..............
..#....#..#.#### #.....#.##.#.#
##.##...#.#....# ...........#.#
#...#.....#....# #.#...###.##.#
#...#..####....# # #... #.##.#
#.#.#..........#####.#g. ..##.#
##.##.###.......@gr..##. ### #.#
......# #......###........ ..
#....####....### #........
###............ .........
###.#####....... .........
........#.........########
.##.###.##........
.##.....##........
.#########........#


You could see a gnoll and a rat.

Vanquished Creatures
  Sigmund (D:2)
  A bullfrog (D:2)
  Terence (D:1)
  6 gnolls
  3 adders (D:2)
  2 worms
  2 dart slugs
  2 leopard geckos (D:1)
  6 giant cockroaches
  4 goblins
  5 hobgoblins
  4 jackals (D:1)
  7 bats
  4 frilled lizards
  12 kobolds
  5 rats
65 creatures vanquished.

Notes
Turn   | Place    | Note
-------+----------+-------------------------------------------
     0 | D:1      | RudyRod the Naga Fighter began the quest for the Orb.
     0 | D:1      | Reached XP level 1. HP: 21/21 MP: 1/1
    94 | D:1      | Reached XP level 2. HP: 22/28 MP: 2/2
   314 | D:1      | Reached skill level 1 in Stealth
   470 | D:1      | Reached XP level 3. HP: 14/34 MP: 3/3
  1461 | D:2      | Noticed Terence
  1473 | D:1      | Reached XP level 4. HP: 8/42 MP: 4/4
  1810 | D:1      | Killed Terence
  1810 | D:1      | Reached skill level 1 in Dodging
  2146 | D:2      | Reached XP level 5. HP: 42/49 MP: 5/5
  2356 | D:2      | Found a glowing silver altar of Zin.
  2357 | D:2      | Found a white marble altar of Elyvilon.
  2360 | D:2      | Found a glowing golden altar of the Shining One.
  2379 | D:2      | Became a worshipper of the Shining One
  3048 | D:2      | Reached XP level 6. HP: 46/56 MP: 6/6
  3096 | D:2      | Noticed Sigmund
  3117 | D:2      | Killed Sigmund
  3465 | D:2      | Reached skill level 1 in Axes
  3499 | D:2      | HP: 1/57 [gnoll/flail of draining (6)]
  3499 | D:2      | Slain by a gnoll

Skill      XL: |  1  2  3  4  5  6 |
---------------+-------------------+-----
Stealth        | 1 2 3 |  3.8
Armour         | 3 |  3.5
Dodging        | 1 |  1.9
Shields        | 3 |  3.4
Axes           | 1 |  1.0
Fighting       | |  3.8
Maces & Flails | |  0.6
Polearms       | |  2.8

Action                   |  1- 3 |  4- 6 || total
-------------------------+-------+-------++-------
Melee: Trident           |   140 |    77 ||   217
       War axe           |       |    23 ||    23
       Whip              |       |    71 ||    71
 Abil: Spit Poison       |    12 |     5 ||    17
  Use: Potion            |       |     2 ||     2
       Scroll            |       |     5 ||     5
  Eat: Chunk             |     1 |     1 ||     2
       Bread ration      |       |     1 ||     1
Armor: Scale mail        |    61 |    59 ||   120
Dodge: Dodged            |    45 |    41 ||    86
Block: Shield            |    81 |    81 ||   162
